[Event "Late-Titled-Tuesday-Blitz-May-14-2024"]
[Site "Chess.com"]
[Date "2024.05.14"]
[Round "7"]
[White "lilylg"]
[Black "Hirna2005"]
[Result "0-1"]
[WhiteElo "2197"]
[BlackElo "2314"]
[TimeControl "180+1"]
[EndTime "15:19:01 PDT"]
[Termination "Hirna2005 won on time"]

1. d4 g6 2. c4 Bg7 3. d5 c6 4. Nc3 cxd5 5. cxd5 d6 6. e4 Nf6 7. h3 O-O 8. Nf3 a6 9. a4 Nbd7 10. Bd3 Nc5 11. Bc2 Bd7 12. O-O b5 13. axb5 axb5 14. Rxa8 Qxa8 15. b4 Na6 16. Ba3 Rc8 17. Qd3 Nh5 18.
Ne2 Nf4 19. Nxf4 Rc3 20. Qd2 Rxa3 21. Nd4 Qc8 22. Rc1 Rc3 23. Nfe2 Rc4 24. Rb1 e5 25. dxe6 fxe6 26. Bd3 Rxd4 27. Nxd4 Bxd4 28. Bxb5 Bxb5 29. Qxd4 Qc6 30. Rd1 Kf7 31. Qxd6 Qxe4 32. Qb6 Qxb4 33. Rd4 Qe1+ 34. Kh2 Qe5+ 35. f4 Qf5 36. Qb7+ Kf6 37. Qc8 Kg7 38. Qd8 Nc5 39. Qc7+ Kh6 40. Qd6 Nd3 41.
g4 Qc5 42. Qxc5 Nxc5 43. g5+ Kh5 44. Rb4 Bd3 45. Kg3 h6 46. gxh6 Kxh6 47. Rb8 Bf5 48. h4 Ne4+ 49. Kf3 Nf6 50. Rf8 Nh5 51. Re8 Kg7 52.
Re7+ Kf6 53. Rb7 Ng7 54. Rb6 Ne8 55. Ke3 Nc7 56. Rb7 Nd5+ 57. Kf3 Nc3 58. Rb8 Be4+ 59. Kg3 Bf5 60. Rb6 Ne4+ 61. Kf3 Kg7 62. Rb7+ Kh6 63. Rb8 Nf6 64. Rf8 Kg7 65. Rd8 Be4+ 66. Kg3 Bd5 67.
Rc8 Ne4+ 68. Kg4 Kf6 69. Rf8+ Ke7 70. Ra8 Kf6 71. Ra7 Nd2 72. Kg3 Nc4 73. Kg4 Nd6 74. h5 gxh5+ 75. Kh4 Kf5 76. Ra1 Kxf4 77. Rf1+ Ke5 78.
Kxh5 Ne4 79. Re1 Kf4 80. Kg6 e5 81. Rf1+ Ke3 82. Rf5 Kd4 83. Kg7 Nd6 84. Rf1 e4 85. Rd1+ Ke5 86. Re1 Nf5+ 87. Kg6 e3 88. Kg5 Ke4 89. Kg4 Nh6+ 90. Kg3 Nf7 91. Kg2 Ne5 92.
Kf1 Bc4+ 93. Kg2 Nd3 94. Rh1 e2 95. Rh4+ Ke3 96. Rh3+ Kd2 0-1

[Event "Late-Titled-Tuesday-Blitz-May-14-2024"]
[Site "Chess.com"]
[Date "2024.05.14"]
[Round "7"]
[White "FuenfgegenWilly"]
[Black "RantomOpening"]
[Result "0-1"]
[WhiteElo "2459"]
[BlackElo "2589"]
[TimeControl "180+1"]
[EndTime "15:19:21 PDT"]
[Termination "RantomOpening won on time"]

1. b3 d5 2. Bb2 e6 3. e3 Nf6 4. g4 Nbd7 5. g5 Ne4 6. h4 h6 7.
d3 Nd6 8. gxh6 Rxh6 9. Nf3 Nf5 10. Rg1 Nxh4 11. Nxh4 Qxh4 12. Bxg7 Bxg7 13. Rxg7 Qf6 14. Rg8+ Ke7 15. Nd2 b6 16. d4 Bb7 17. Rxa8 Bxa8 18. Qg4 Rg6 19. Qh5 Bb7 20. Nf3 Rh6 21. Qg4 Rg6 22.
Qh5 c5 23. O-O-O Rh6 24. Qg4 e5 25. Bh3 Bc6 26. dxe5 Nxe5 27. Nxe5 Qxe5 28. Qc8 Rf6 29. Kb1 Qd6 30. f4 Rh6 31. Rg1 Bd7 32. Bxd7 Qxd7 33.
Qb8 Re6 34. Rg8 Kf6 35. Qf8 Kf5 36. Rg5+ Ke4 37. f5 Rf6 38. Qh8 Rxf5 39. Qh3 Ke5 40. Qg3+ Kf6 41. Rg8 Ke6 42. Kb2 Qe7 43. Rb8 Qd6 44.
Qxd6+ Kxd6 45. Rb7 f6 46. Rxa7 Re5 47. Rf7 Re6 48.
Kc3 Kc6 49. Kd3 Kd6 50. c4 Kc6 51. cxd5+ Kxd5 52. Rd7+ Ke5 53. Rf7 Rd6+ 54. Ke2 Ke4 55. a4 Re6 56. Rb7 Kd5 57. Rd7+ Ke5 58. Rd8 f5 59.
Rf8 Rd6 60. Re8+ Kd5 61. Rf8 Ke6 62. Re8+ Kf7 63. Rb8 Kf6 64. Kf3 Ke5 65. Re8+ Kd5 66. Kf4 Re6 67. Rd8+ Kc6 68. Rf8 Re4+ 69. Kf3 Rb4 70.
Rxf5 Rxb3 71. Rf6+ Kd5 72. Kf4 Rb1 73. e4+ Kc4 74.
e5 Rf1+ 75. Ke4 Re1+ 76. Kf5 Rf1+ 77. Ke6 Ra1 78. Kd7 Rxa4 79. Rxb6 Ra7+ 80. Kd6 Ra1 81. e6 Rd1+ 82. Kc7 Re1 83. Kd7 Kd3 84. e7 c4 85. Re6 Rxe6 86. Kxe6 c3 87. e8=Q Kc2 88. Qa4+ Kb2 89. Qb4+ Kc2 90. Qa3 Kd2 91. Qd6+ Kc1 92.
Qf4+ Kb1 93. Qf1+ Kb2 94. Qb5+ Kc1 0-1

[Event "Late-Titled-Tuesday-Blitz-May-14-2024"]
[Site "Chess.com"]
[Date "2024.05.14"]
[Round "7"]
[White "Jospem"]
[Black "artin10862"]
[Result "0-1"]
[WhiteElo "3024"]
[BlackElo "2912"]
[TimeControl "180+1"]
[EndTime "15:19:36 PDT"]
[Termination "artin10862 won by checkmate"]

1. e4 e5 2. Nf3 Nf6 3. Nc3 Nc6 4. h3 Bb4 5. Bd3 d6 6. a3 Bc5 7. b4 Bb6 8. Na4 O-O 9. O-O Bd7 10.
Nxb6 axb6 11. Bb2 Re8 12. Re1 Ne7 13. Bf1 b5 14. d4 Ng6 15. dxe5 dxe5 16. c4 bxc4 17.
Bxc4 Be6 18. Qc2 Bxc4 19. Qxc4 c6 20. g3 h6 21. Kg2 Nh5 22. Re3 Qd7 23. Kh2 Rad8 24.
Rae1 Kh7 25. a4 f6 26. b5 cxb5 27. Qxb5 Qxb5 28. axb5 Nf8 29. Rc1 Ne6 30. Kg2 g6 31. Ba3 Nhg7 32. Bb4 Rd7 33. Nd2 Red8 34. Nc4 Ne8 35.
Ba5 Rb8 36. Nb6 Rf7 37. Bb4 Nd4 38. f4 Nxb5 39. fxe5 fxe5 40. Rc5 Nd4 41. Rxe5 Nc6 42. Bc3 Nxe5 43. Bxe5 Rd8 44. Nd5 Kg8 45. h4 Rfd7 46. Rb3 Kf7 47. Rf3+ Ke6 48. Bf4 h5 49. Bg5 Rxd5 50.
exd5+ Rxd5 51. Re3+ Re5 52. Rb3 b5 53. Bf4 Rf5 54.
Re3+ Kf7 55. Ra3 Nf6 56. Ra7+ Ke6 57. Ra6+ Kd7 58. Rd6+ Ke7 59. Ra6 Nd5 60. Bg5+ Kf7 61. Ra7+ Kg8 62. Rb7 Nc3 63. Rb8+ Kg7 64. Rb7+ Rf7 65. Rb6 Ne4 66. Bf4 Rf5 67. Re6 Nf6 68.
Rb6 Ng4 69. Kf3 Rd5 70. Ke2 Rc5 71. Rb7+ Kf6 72. Rb6+ Kf5 73. Rb8 Rc3 74. Rf8+ Ke6 75. Rg8 Kf7 76. Rb8 Rb3 77. Rb7+ Ke6 78. Rb6+ Kf5 79.
Rb8 b4 80. Kd2 Rb2+ 81. Kd3 Nf2+ 82. Ke3 Nd1+ 83. Kd3 Nf2+ 84. Ke3 Ng4+ 85. Kd3 Ne5+ 86. Ke3 Rb3+ 87. Ke2 Nd3 88. Rb5+ Ke4 89. Bg5 Rb2+ 90. Kd1 b3 91. Rb6 Nf2+ 92. Ke1 Nd3+ 93. Kd1 Rb1+ 94. Kd2 b2 95. Rb8 Rg1 96. Re8+ Kd5 97. Rd8+ Kc4 98.
Rc8+ Nc5 99. Be7 Rg2+ 100. Ke3 b1=Q 101. Bxc5 Qg1+ 102. Kf3 Qf1+ 103. Ke4 Qf5+ 104. Ke3 Rxg3+ 105. Ke2 Qf3+ 106. Ke1 Qe4+ 107. Kf2 Rg2+ 108. Kf1 Qe2# 0-1

[Event "Late-Titled-Tuesday-Blitz-May-14-2024"]
[Site "Chess.com"]
[Date "2024.05.14"]
[Round "8"]
[White "chenxiaoyuer"]
[Black "DominguezOnYoutube"]
[Result "0-1"]
[WhiteElo "2894"]
[BlackElo "3022"]
[TimeControl "180+1"]
[EndTime "15:22:21 PDT"]
[Termination "DominguezOnYoutube won by resignation"]

1. e4 c5 2. Nf3 d6 3. d4 cxd4 4.
Nxd4 Nf6 5. Nc3 a6 6. Be2 e5 7. Nb3 Be7 8. O-O O-O 9. Qd3 Be6 10. Bd2 Nbd7 11. Nd5 Bxd5 12. exd5 Rc8 13. Qc4 Rxc4 14.
Bxc4 Nb6 15. Be2 Nbxd5 16. Rad1 Qc7 17. c4 Nf4 18. Bxf4 exf4 19. Nd4 g6 20. b3 d5 21. cxd5 Bd6 22. Bc4 Re8 23. Rfe1 Rxe1+ 24. Rxe1 Qa5 25.
Rd1 Qxa2 26. Nf3 Ne4 27. Rf1 Bc5 28. Ne5 Bxf2+ 29. Kh1 Bc5 30. d6 Nxd6 0-1

[Event "Late-Titled-Tuesday-Blitz-May-14-2024"]
[Site "Chess.com"]
[Date "2024.05.14"]
[Round "8"]
[White "MKlose11"]
[Black "szachmistrz2500"]
[Result "1-0"]
[WhiteElo "2630"]
[BlackElo "2496"]
[TimeControl "180+1"]
[EndTime "15:22:37 PDT"]
[Termination "MKlose11 won by resignation"]

1. e4 c5 2. Nc3 e6 3. d3 Nc6 4. g3 g6 5. Bg2 Bg7 6. Be3 Nd4 7. Qd2 Ne7 8. Nd1 d6 9. c3 Ndc6 10. Bh6 Bxh6 11. Qxh6 Ng8 12. Qd2 Qe7 13. Ne2 f5 14. d4 cxd4 15. Nxd4 fxe4 16. Bxe4 Nf6 17. Nxc6 Nxe4 18. Nxe7 Nxd2 19. Nxc8 Nf3+ 20. Ke2 Nd4+ 21. cxd4 Rxc8 22. Ne3 1-0

[Event "Late-Titled-Tuesday-Blitz-May-14-2024"]
[Site "Chess.com"]
[Date "2024.05.14"]
[Round "8"]
[White "zverr1"]
[Black "Hirna2005"]
[Result "0-1"]
[WhiteElo "2441"]
[BlackElo "2325"]
[TimeControl "180+1"]
[EndTime "15:22:51 PDT"]
[Termination "Hirna2005 won by checkmate"]

1. d4 g6 2. c4 Bg7 3. Nf3 d6 4. g3 Nf6 5. Bg2 O-O 6. O-O Nc6 7. Nc3 Bf5 8. Nh4 Bd7 9. f4 Qc8 10. d5 Na5 11. Qd3 b6 12. b4 Nb7 13. Bb2 a5 14. a3 Bh3 15. e4 Bxg2 16. Kxg2 Qg4 17.
Nb5 axb4 18. axb4 Rxa1 19. Bxa1 Ra8 20. Nxc7 Ra2+ 21. Kh1 Qh3 22. Nf3 Ng4 23. Bxg7 Qg2# 0-1

[Event "Late-Titled-Tuesday-Blitz-May-14-2024"]
[Site "Chess.com"]
[Date "2024.05.14"]
[Round "8"]
[White "ReadySkate"]
[Black "DrVelja"]
[Result "0-1"]
[WhiteElo "2738"]
[BlackElo "2909"]
[TimeControl "180+1"]
[EndTime "15:22:58 PDT"]
[Termination "DrVelja won by resignation"]

1. d4 d5 2. c4 e6 3. Nc3 c6 4. e4 dxe4 5. Nxe4 Bb4+ 6. Nc3 e5 7.
a3 Bxc3+ 8. bxc3 Ne7 9. Nf3 e4 10. Nd2 O-O 11. Be2 f5 12. O-O Nd7 13. Nb3 f4 14.
Kh1 Ng6 15. c5 Nf6 16. Re1 Kh8 17. Bf1 Ng4 18. Qc2 Qh4 19. h3 Nxf2+ 20. Kg1 e3 21. Qe2 f3 22. Qxe3 Nxh3+ 23. Kh2 Ng5+ 0-1

[Event "Late-Titled-Tuesday-Blitz-May-14-2024"]
[Site "Chess.com"]
[Date "2024.05.14"]
[Round "8"]
[White "guineo59"]
[Black "el_sporco"]
[Result "1-0"]
[WhiteElo "2234"]
[BlackElo "2349"]
[TimeControl "180+1"]
[EndTime "15:22:59 PDT"]
[Termination "guineo59 won by resignation"]

1. d4 Nf6 2. Nf3 e6 3. e3 d5 4. Nbd2 c5 5. c3 Nc6 6. Bd3 Bd6 7. O-O O-O 8. dxc5 Bxc5 9. e4 dxe4 10. Nxe4 Nxe4 11. Bxe4 Qc7 12. Qc2 h6 13. Qe2 Ne7 14. Bc2 Bd7 15. Qe4 Nf5 16. Bf4 Qb6 17. b4 Be7 18.
Ne5 Bc6 19. Nxc6 bxc6 20. g4 g5 21. Be3 1-0

[Event "Late-Titled-Tuesday-Blitz-May-14-2024"]
[Site "Chess.com"]
[Date "2024.05.14"]
[Round "8"]
[White "ural58"]
[Black "Stanbad1"]
[Result "0-1"]
[WhiteElo "2479"]
[BlackElo "2619"]
[TimeControl "180+1"]
[EndTime "15:23:00 PDT"]
[Termination "Stanbad1 won by resignation"]

1. e4 e6 2. d4 d5 3. Nc3 Nf6 4. Bg5 Bb4 5. e5 h6 6. exf6 hxg5 7. fxg7 Rg8 8. a3 Bxc3+ 9. bxc3 Qf6 10. h4 gxh4 11. Qh5 Qxg7 12. Qxh4 c5 13. Nf3 Nc6 14. Bb5 Bd7 15. Bxc6 Bxc6 16. g3 f6 17. Qh5+ Kd7 18. dxc5 Rh8 19. Qxh8 Rxh8 20. Rxh8 Qxh8 21. Ke2 e5 0-1

[Event "Late-Titled-Tuesday-Blitz-May-14-2024"]
[Site "Chess.com"]
[Date "2024.05.14"]
[Round "8"]
[White "campochess"]
[Black "howitzer14"]
[Result "0-1"]
[WhiteElo "2123"]
[BlackElo "2999"]
[TimeControl "180+1"]
[EndTime "15:23:07 PDT"]
[Termination "howitzer14 won by checkmate"]

1. Nf3 f5 2. e3 Nf6 3. d4 g6 4. g3 Bg7 5. Bg2 O-O 6. c4 d6 7. Nc3 c6 8. O-O Qe8 9. Re1 e5 10. dxe5 dxe5 11. b3 e4 12. Nd4 Nbd7 13.
Ba3 Rf7 14. c5 Ne5 15. Bf1 Be6 16. f4 exf3 17. Nxf3 Nfg4 18. Ng5 Rd7 19. Qe2 Nd3 20. Rec1 Nxc1 21. Rxc1 Rad8 22. Nxe6 Qxe6 23. e4 Rd2 24. Qc4 Bd4+ 25. Kh1 Rxh2# 0-1

[Event "Late-Titled-Tuesday-Blitz-May-14-2024"]
[Site "Chess.com"]
[Date "2024.05.14"]
[Round "8"]
[White "1g60-1"]
[Black "Mikhail_Golubev"]
[Result "0-1"]
[WhiteElo "2415"]
[BlackElo "2588"]
[TimeControl "180+1"]
[EndTime "15:23:31 PDT"]
[Termination "Mikhail_Golubev won by resignation"]

1. e4 c5 2. Nf3 d6 3. d4 Nf6 4.
Nc3 cxd4 5. Nxd4 g6 6. Be3 Bg7 7. f3 O-O 8. Qd2 Nc6 9. Bc4 Bd7 10. O-O-O Rc8 11. Bb3 Ne5 12. h4 h5 13. Bg5 Nc4 14.
Qe2 Na5 15. Kb1 Rxc3 16. bxc3 Qc7 17. c4 Rc8 18. Nb5 Bxb5 19. cxb5 Nxe4 20. Qxe4 Qc3 21. Bxf7+ Kxf7 22. Qxe7+ Kg8 0-1

[Event "Late-Titled-Tuesday-Blitz-May-14-2024"]
[Site "Chess.com"]
[Date "2024.05.14"]
[Round "8"]
[White "mostafa_sakha"]
[Black "Gangster-accountant01"]
[Result "0-1"]
[WhiteElo "2386"]
[BlackElo "2591"]
[TimeControl "180+1"]
[EndTime "15:23:38 PDT"]
[Termination "Gangster-accountant01 won by resignation"]

1. f3 d5 2. d4 c5 3. e3 Nc6 4. Nc3 cxd4 5. exd4 f6 6. Bb5 e6 7. Nge2 Bd6 8. Bf4 Ne7 9. Qd2 a6 10. Bd3 Bxf4 11. Qxf4 Nb4 12. O-O-O Bd7 13. Rhe1 Rc8 14. Kb1 Qa5 15. a3 Nxd3 16. Rxd3 Bb5 17. Nxb5 Qxe1+ 18. Nc1 axb5 19. Re3 Qd2 20. c3 O-O 21. Nb3 Ng6 22.
Nxd2 Nxf4 23. g3 Ng6 24. Rxe6 Rfe8 25. Rb6 Re2 26. Nb3 Rxh2 27. Rxb5 Rg2 28. g4 Nh4 29. Rxd5 Nxf3 30. Rd7 Rxg4 31. Rxb7 h5 32. d5 h4 33. d6 Ne5 34. d7 Nxd7 35. Nc5 Nxc5 0-1

[Event "Late-Titled-Tuesday-Blitz-May-14-2024"]
[Site "Chess.com"]
[Date "2024.05.14"]
[Round "8"]
[White "Masterisback04"]
[Black "sergeikim"]
[Result "1-0"]
[WhiteElo "2068"]
[BlackElo "2584"]
[TimeControl "180+1"]
[EndTime "15:23:47 PDT"]
[Termination "Masterisback04 won by checkmate"]

1. e4 e5 2. Nf3 Nc6 3. Bc4 Bc5 4. d3 Nf6 5. O-O d6 6. c3 a6 7. b4 Ba7 8. Na3 O-O 9. Bg5 Qe7 10. Nc2 Nd8 11. Ne3 c6 12. Nh4 Kh8 13.
Nef5 Qc7 14. Bxf6 gxf6 15. Qh5 Ne6 16. Qh6 Qd8 17. Bxe6 Bxe6 18. Qg7# 1-0

[Event "Late-Titled-Tuesday-Blitz-May-14-2024"]
[Site "Chess.com"]
[Date "2024.05.14"]
[Round "8"]
[White "oskariot"]
[Black "MagnusCarlsen"]
[Result "0-1"]
[WhiteElo "2797"]
[BlackElo "3198"]
[TimeControl "180+1"]
[EndTime "15:23:49 PDT"]
[Termination "MagnusCarlsen won by resignation"]

1. e4 Nf6 2. e5 Ng8 3. d4 d6 4. Nf3 c6 5. Be2 Bg4 6. O-O Bxf3 7. Bxf3 dxe5 8. dxe5 Qxd1 9. Rxd1 e6 10. Nc3 Nd7 11. Bf4 Ne7 12. Bg3 Nf5 13. Re1 Nxg3 14. hxg3 O-O-O 15. Rad1 g6 16. Bg4 h5 17. Bh3 g5 18. g4 hxg4 19. Bxg4 Bg7 20. Ne4 Nxe5 21. Be2 g4 22. Nc5 Kc7 23. Nd3 g3 24. fxg3 Nxd3 25. Rxd3 Bd4+ 0-1

[Event "Late-Titled-Tuesday-Blitz-May-14-2024"]
[Site "Chess.com"]
[Date "2024.05.14"]
[Round "8"]
[White "dropstoneDP"]
[Black "IlyaGrigorjev"]
[Result "1-0"]
[WhiteElo "2965"]
[BlackElo "2863"]
[TimeControl "180+1"]
[EndTime "15:24:21 PDT"]
[Termination "dropstoneDP won by resignation"]

1. e4 e5 2. Nf3 Nc6 3. Nc3 Nf6 4. Bb5 Nd4 5. Nxd4 exd4 6. e5 dxc3 7. exf6 Qxf6 8. dxc3 Bc5 9. Qe2+ Qe6 10. Qxe6+ fxe6 11. a4 a6 12. Bd3 O-O 13. f3 e5 14. Ke2 d6 15. Be3 Bxe3 16. Kxe3 Be6 17. a5 h6 18.
Rhf1 Kf7 19. f4 exf4+ 20. Rxf4+ Ke7 21. Raf1 g5 22. Rxf8 Rxf8 23. Rxf8 Kxf8 24. Be4 d5 25. Bf3 Ke7 26. Kd4 Kd6 27. b4 c6 28. Be2 Bf5 29. Bd3 Be6 30. g3 Bd7 31. c4 dxc4 32. Bxc4 Bf5 33. c3 Bd7 34. Bb3 Bg4 35. c4 Bd7 36.
c5+ Ke7 37. Ke5 1-0

[Event "Late-Titled-Tuesday-Blitz-May-14-2024"]
[Site "Chess.com"]
[Date "2024.05.14"]
[Round "8"]
[White "Jahonas"]
[Black "DeArron_Fox"]
[Result "0-1"]
[WhiteElo "2386"]
[BlackElo "2549"]
[TimeControl "180+1"]
[EndTime "15:24:28 PDT"]
[Termination "DeArron_Fox won by resignation"]

1. d4 d5 2. c4 e6 3. cxd5 exd5 4. Nc3 c6 5. Nf3 Nf6 6. g3 Bf5 7. Bg2 Bd6 8. O-O O-O 9. b3 Re8 10. Bb2 Nbd7 11. e3 Ne4 12. Nxe4 Bxe4 13. Qd2 h5 14. Bc3 a5 15. b4 a4 16. b5 cxb5 17. Bb4 Nb6 18.
Bxd6 Qxd6 19. Ne5 Bxg2 20. Kxg2 Nc4 21. Nxc4 bxc4 22. Rab1 Qc6 23. Qb4 Rab8 24. Qb6 h4 25.
Rb4 Qd7 26. h3 hxg3 27. Kxg3 Re6 28. Qb5 Rg6+ 29. Kh2 Qf5 30. Rb2 Rh6 0-1

[Event "Late-Titled-Tuesday-Blitz-May-14-2024"]
[Site "Chess.com"]
[Date "2024.05.14"]
[Round "8"]
[White "bubeliang"]
[Black "Grischuk"]
[Result "0-1"]
[WhiteElo "2807"]
[BlackElo "3119"]
[TimeControl "180+1"]
[EndTime "15:24:32 PDT"]
[Termination "Grischuk won by resignation"]

1. e4 e5 2. Nf3 Nc6 3. Bc4 Nf6 4.
d3 Be7 5. O-O O-O 6. Re1 d6 7. c3 Na5 8. Bb5 a6 9. Ba4 b5 10. Bc2 c5 11. Bg5 Nc6 12. a3 Be6 13. b4 a5 14. Nbd2 axb4 15. axb4 Rxa1 16. Qxa1 cxb4 17.
cxb4 Nxb4 18. Bb1 h6 19. Bxf6 Bxf6 20. Qb2 Qa5 21. h3 Ra8 22. d4 exd4 23. Nb3 Qb6 24. Nbxd4 Bc4 25. Qxb4 Bxd4 26. Qd2 Be5 27. Bd3 Ra2 28. Qe3 Qxe3 29. Rxe3 Ra1+ 30. Ne1 Bxd3 0-1

[Event "Late-Titled-Tuesday-Blitz-May-14-2024"]
[Site "Chess.com"]
[Date "2024.05.14"]
[Round "8"]
[White "FMOlexandrProhorov"]
[Black "rikchessmx"]
[Result "1-0"]
[WhiteElo "2321"]
[BlackElo "2430"]
[TimeControl "180+1"]
[EndTime "15:24:46 PDT"]
[Termination "FMOlexandrProhorov won by checkmate"]

1. d4 Nf6 2. c4 e6 3. Nc3 d5 4. Nf3 c6 5. e3 Nbd7 6. Qc2 Bd6 7. g4 Nxg4 8. Rg1 Nxh2 9. Nxh2 Bxh2 10. Rxg7 Nf8 11.
Rg2 Bd6 12. e4 Bb4 13. Bg5 Qa5 14. Bf6 Ng6 15. Bxh8 Nxh8 16. Rg8+ Ke7 17. Rxh8 dxe4 18. Rxh7 Bd7 19. Rc1 Qxa2 20. Be2 Rg8 21. Kf1 c5 22. Qxe4 Qxb2 23. Nd5+ Kf8 24. Qf4 Be8 25. Qd6# 1-0

[Event "Late-Titled-Tuesday-Blitz-May-14-2024"]
[Site "Chess.com"]
[Date "2024.05.14"]
[Round "8"]
[White "HanSchut"]
[Black "KatakuriDono"]
[Result "0-1"]
[WhiteElo "2358"]
[BlackElo "2309"]
[TimeControl "180+1"]
[EndTime "15:25:01 PDT"]
[Termination "KatakuriDono won by checkmate"]

1. e4 c5 2. Nf3 Nc6 3. d4 cxd4 4. Nxd4 Qb6 5. Nb3 Nf6 6. Nc3 e6 7. Be3 Qc7 8. Bd3 a6 9. O-O b5 10. a3 Bb7 11. f4 d6 12. Qe1 Be7 13. Qg3 O-O 14.
Rae1 b4 15. a4 bxc3 16. bxc3 Rfe8 17. f5 e5 18. Bh6 Bf8 19. Bg5 Kh8 20. Bxf6 gxf6 21.
Rf3 Be7 22. Qh4 Rg8 23. Ree3 Rg7 24. Rh3 Rag8 25. Reg3 Na5 26. Nc1 Qxc3 27. Kf2 d5 28.
Ne2 Qd2 29. exd5 Bc5+ 30. Kf1 Qd1# 0-1

[Event "Late-Titled-Tuesday-Blitz-May-14-2024"]
[Site "Chess.com"]
[Date "2024.05.14"]
[Round "8"]
[White "VladimirBugayev"]
[Black "simaopdias"]
[Result "1-0"]
[WhiteElo "2317"]
[BlackElo "2217"]
[TimeControl "180+1"]
[EndTime "15:25:01 PDT"]
[Termination "VladimirBugayev won by checkmate"]

1. e4 c5 2. a3 g6 3. h4 h5 4. Nc3 Bg7 5. Bc4 Nc6 6. d3 Nf6 7. Nf3 O-O 8. Bg5 d6 9. Qd2 Bg4 10. Nh2 Be6 11. Bxe6 fxe6 12. Bh6 Nd4 13. Bxg7 Kxg7 14.
Ne2 e5 15. c3 Nb3 16. Qd1 Nxa1 17. Qxa1 d5 18. O-O dxe4 19. dxe4 Nxe4 20. Nf3 Nd2 21. Ng5 Nxf1 22. Ne6+ Kg8 23. Nxd8 Raxd8 24. Qxf1 Rd2 25. Ng3 Kg7 26. Ne4 Rxb2 27. Qc1 Re2 28. f3 Rf4 29. Qd1 Rb2 30. Qd7 Kf8 31. Qc8+ Kf7 32. Qxc5 Rxh4 33. Qd5+ Kf8 34. Qxe5 Rb1+ 35. Kf2 Rhh1 36.
Qh8+ Kf7 37. Ng5# 1-0

[Event "Late-Titled-Tuesday-Blitz-May-14-2024"]
[Site "Chess.com"]
[Date "2024.05.14"]
[Round "8"]
[White "deathadder96"]
[Black "KorolDimitriy75"]
[Result "1-0"]
[WhiteElo "2862"]
[BlackElo "2413"]
[TimeControl "180+1"]
[EndTime "15:25:02 PDT"]
[Termination "deathadder96 won on time"]

1. e4 c5 2. d4 cxd4 3. Qxd4 Nc6 4. Qd3 g6 5. Nc3 Bg7 6. Nf3 Nf6 7. Be2 d6 8. O-O O-O 9. Nd5 Nd7 10. c3 Nc5 11. Qc2 a5 12. Rd1 Re8 13. Be3 Bd7 14. a4 e6 15. Bxc5 dxc5 16. Ne3 Qc7 17. Bb5 Red8 18.
Nc4 Be8 19. Qe2 Rxd1+ 20. Rxd1 Rd8 21. Rxd8 Qxd8 22. Qd2 Qxd2 23. Nfxd2 Kf8 24. Nb3 Ne5 25. Nxe5 Bxe5 26. Nxc5 b6 27. Nd3 Bd6 28. b3 Ke7 29.
f4 f6 30. Kf2 1-0

[Event "Late-Titled-Tuesday-Blitz-May-14-2024"]
[Site "Chess.com"]
[Date "2024.05.14"]
[Round "8"]
[White "PenguinPacks"]
[Black "Mischuk_D"]
[Result "1-0"]
[WhiteElo "2546"]
[BlackElo "2692"]
[TimeControl "180+1"]
[EndTime "15:25:05 PDT"]
[Termination "PenguinPacks won by resignation"]

1. e4 e6 2. d4 d5 3. Nc3 Bb4 4. e5 c5 5. a3 Bxc3+ 6. bxc3 Ne7 7. Qg4 Qc7 8. Qxg7 Rg8 9. Qxh7 cxd4 10. Ne2 Nbc6 11.
f4 dxc3 12. h4 Bd7 13. h5 O-O-O 14. Qd3 d4 15. h6 Rg6 16. h7 Rh8 17. Nxd4 Nxd4 18.
Qxd4 Nf5 19. Qxa7 Ng3 20. Rb1 Bc6 21. Rh3 Nxf1 22. Rxc3 Rxh7 23. Qa8+ Kd7 24. Rd3+ Ke7 25.
a4 Bd5 26. Ba3+ Kd7 27. Rxb7 1-0

[Event "Late-Titled-Tuesday-Blitz-May-14-2024"]
[Site "Chess.com"]
[Date "2024.05.14"]
[Round "8"]
[White "VacheH009"]
[Black "KebabJangles"]
[Result "1-0"]
[WhiteElo "2534"]
[BlackElo "2368"]
[TimeControl "180+1"]
[EndTime "15:25:06 PDT"]
[Termination "VacheH009 won by resignation"]

1. c4 Nf6 2. Nc3 g6 3. d4 Bg7 4. Nf3 O-O 5. Bg5 h6 6. Bh4 d6 7. e3 g5 8. Bg3 Nh5 9. Qc2 Nxg3 10. hxg3 f5 11. Bd3 e6 12. O-O-O Nc6 13. a3 Bd7 14. d5 exd5 15. cxd5 Ne5 16. Nxe5 Bxe5 17.
Rxh6 Bg7 18. Rh5 Qf6 19. f4 g4 20. e4 Rae8 21. exf5 Re3 22. Ne4 Qd4 23. f6 Bxf6 24.
Nxf6+ Qxf6 25. Rg5+ Kf7 26. Bb5 Bxb5 27. Rf5 Qxf5 28.
Qxf5+ Ke7 29. Qxg4 Kd8 30. Rh1 Bd7 31. Qg7 Ree8 32.
Rh7 1-0

[Event "Late-Titled-Tuesday-Blitz-May-14-2024"]
[Site "Chess.com"]
[Date "2024.05.14"]
[Round "8"]
[White "Dolphin_2010"]
[Black "MusicCityMaster"]
[Result "1-0"]
[WhiteElo "2621"]
[BlackElo "2460"]
[TimeControl "180+1"]
[EndTime "15:25:08 PDT"]
[Termination "Dolphin_2010 won by resignation"]

1. d4 Nf6 2. Bg5 c5 3. Bxf6 exf6 4. c3 Nc6 5. e3 cxd4 6. cxd4 d5 7. Nc3 Bb4 8. Ne2 O-O 9. g3 Bg4 10. Bg2 Bxc3+ 11.
bxc3 Rc8 12. O-O Na5 13. h3 Bxe2 14. Qxe2 Rxc3 15. Qb5 a6 16. Qxd5 Qxd5 17. Bxd5 Rfc8 18. Rfb1 b5 19. a4 bxa4 20. Rxa4 Rc1+ 21. Rxc1 Rxc1+ 22. Kg2 Nc6 23. Rxa6 Nb8 24. Ra7 h6 25. Rxf7 Kh7 26.
Re7 Na6 27. Be4+ Kg8 28. Bg6 Rc8 29. Re8+ Rxe8 30. Bxe8 Kf8 31. Bb5 Nc7 32. Bc4 Ke7 33. e4 Kd6 34. Kf3 Na8 35. Ke3 Nb6 36. Bb3 g5 37. f4 Nd7 38. Ba4 Nb6 39. e5+ fxe5 40. fxe5+ Ke6 41. Bb3+ Kf5 42. g4+ Kg6 43. Ke4 h5 44. d5 h4 45. d6 Nd7 46. Kd5 Kg7 47.
e6 Nf6+ 48. Ke5 1-0

[Event "Late-Titled-Tuesday-Blitz-May-14-2024"]
[Site "Chess.com"]
[Date "2024.05.14"]
[Round "8"]
[White "GiorgianBarbosa"]
[Black "Iuckyducky"]
[Result "1-0"]
[WhiteElo "2523"]
[BlackElo "2304"]
[TimeControl "180+1"]
[EndTime "15:25:10 PDT"]
[Termination "GiorgianBarbosa won on time"]

1. c4 e5 2. g3 Nc6 3. Bg2 g6 4.
Nc3 Bg7 5. e3 Nge7 6. Nge2 O-O 7.
O-O d6 8. Rb1 f5 9. b4 Be6 10.
d3 e4 11. Nf4 Bf7 12. Ncd5 Nxd5 13. Nxd5 Ne5 14. dxe4 c6 15. Nf4 fxe4 16. Bxe4 Bxc4 17.
Re1 Bxa2 18. Rb2 Bc4 19. Rd2 Qf6 20. Rxd6 Qf7 21. h4 a5 22. bxa5 Rxa5 23. Bb2 Ra2 24. Bxe5 Bxe5 25. Rd7 Qf6 26. Rxb7 Bxf4 27. exf4 Rd8 28.
Qf3 Rb2 29. Bxc6 Rxb7 30. Bxb7 Rd2 31. Re5 Bf7 32. Bd5 1-0

[Event "Late-Titled-Tuesday-Blitz-May-14-2024"]
[Site "Chess.com"]
[Date "2024.05.14"]
[Round "8"]
[White "zacachess"]
[Black "tarno17"]
[Result "1-0"]
[WhiteElo "2360"]
[BlackElo "2210"]
[TimeControl "180+1"]
[EndTime "15:25:11 PDT"]
[Termination "zacachess won by resignation"]

1. e4 c5 2. Nf3 e6 3. d4 cxd4 4.
Nxd4 a6 5. Nc3 Qc7 6. g3 d6 7. Bg2 Nf6 8. O-O Be7 9. Be3 O-O 10. f4 Nc6 11. Nb3 b5 12. a3 Bb7 13. g4 Rfd8 14.
g5 Nd7 15. Qe2 Nc5 16. Rf3 Nxb3 17. cxb3 Bf8 18. Rh3 g6 19. Qf2 f6 20. Bb6 Qf7 21. Bxd8 Rxd8 22. gxf6 Qxf6 23. Rd1 Na5 24. Qb6 d5 25.
Qxa5 dxe4 26. Qxd8 Qxf4 27. Rf1 1-0

[Event "Late-Titled-Tuesday-Blitz-May-14-2024"]
[Site "Chess.com"]
[Date "2024.05.14"]
[Round "8"]
[White "Alexander_Donchenko"]
[Black "GelmanAlexander"]
[Result "1/2-1/2"]
[WhiteElo "2855"]
[BlackElo "2686"]
[TimeControl "180+1"]
[EndTime "15:25:17 PDT"]
[Termination "Game drawn by repetition"]

1. e4 c5 2. Nf3 e6 3. d4 cxd4 4. Nxd4 a6 5. c4 d6 6. Nc3 b6 7. Be2 Bb7 8. Be3 Nd7 9. O-O Ngf6 10. f3 Rg8 11. Qd2 h6 12. Rad1 g5 13. Kh1 Rc8 14. a4 g4 15. fxg4 Nxg4 16. Bxg4 Rxg4 17. Bxh6 Bxh6 18. Qxh6 Qh4 19. Qxh4 Rxh4 20. Nf3 Rf4 21. Rxd6 Rxc4 22. Rfd1 Nc5 23. Rxb6 Bxe4 24. Nxe4 Rfxe4 25. a5 Re2 26. h3 Ne4 27. Rg1 Rcc2 28. Nd4 Ng3+ 29.
Kh2 Nf1+ 30. Kh1 Ng3+ 31. Kh2 Nf1+ 32. Kh1 Ng3+ 1/2-1/2